 Dungeon Sprint DCSS version 0.17-a0-764-gd40c196 (webtiles) character file.

1 lorenzova the Poker (level 1, -9/17 HPs)
             Began as a Merfolk Gladiator on Apr 23, 2015.
             Was an Initiate of Qazlal.
             Mangled by a warg (15 damage)
             ... in the Dungeon (Sprint VII: "The Pits").
             The game lasted 00:01:06 (117 turns).

lorenzova the Poker (Merfolk Gladiator)              Turns: 117, Time: 00:01:06

Health: -9/17      AC:  4    Str: 15    XL:     1   Next: 20%
Magic:  1/1        EV: 13    Int:  7    God:    Qazlal [......]
Gold:   0          SH:  0    Dex: 14    Spells: 0 memorised, 0 levels left

rFire  . . .     SeeInvis .     a - +0 trident
rCold  . . .     Clarity  .     b - +0 leather armour
rNeg   . . .     SustAb   .     (no shield)
rPois  .         Gourm    .     c - +0 helmet
rElec  .         Spirit   .     (no cloak)
rCorr  .         Warding  .     (no gloves)
rMut   .         NoTele   +     (no boots)
MR     .....                    (no amulet)
Stlth  +.........               (no ring)
                                (no ring)

@: not resistant to hostile enchantments, very unstealthy
A: change form in water, swift swim
a: Renounce Religion


You were in the Dungeon.
You worshipped Qazlal.
Qazlal was noncommittal.
You were not hungry.

You visited 1 branch

Inventory:

Hand weapons
 a - a +0 trident (weapon)
Armour
 b - a +0 leather armour (worn)
 c - a +0 helmet (worn)
Scrolls
 k - a scroll of blinking
 o - 3 scrolls of remove curse
 p - 5 scrolls of amnesia
 q - a scroll of summoning
Potions
 f - a potion of curing
 g - a potion of heal wounds
 h - a potion of haste
 i - 4 potions of magic
 j - 3 potions of berserk rage
 n - 2 potions of invisibility
Comestibles
 e - 8 bread rations
 l - 40 fruits
 m - 7 meat rations


   Skills:
 + Level 2.5 Fighting
 + Level 4.8 Polearms
 - Level 2.0 Throwing
 + Level 4.2 Dodging


You couldn't memorise any spells.
You didn't know any spells.

Dungeon Overview and Level Annotations

Branches:
Dungeon (1/1)

Altars:
Ashenzari
Cheibriados
Dithmenos
Elyvilon
Fedhas
Gozag
Kikubaaqudgha
Makhleb
Nemelex Xobeh
Okawaru
Qazlal
Ru
Sif Muna
Trog
Vehumet
Xom
Yredelemnul
Zin
The Shining One
Beogh
Jiyva
Lugonu


Message History

You throw a throwing net. The throwing net hits the warg.
The warg is caught in the net!
The warg struggles against the net.
You hit the warg but do no damage.
The warg struggles against the net.
You hit the warg but do no damage.
The warg struggles against the net.
The warg struggles against the net.
The net rips apart, and the warg comes free!
There is an open door here.
The warg closely misses you.
Throwing (i - inventory):
d - a throwing net (quivered)
Press: ? - help, Shift-Dir - straight line, f/p - warg
Aim: a warg You throw a throwing net.
The throwing net hits the warg.
The warg is caught in the net!
The warg struggles against the net.
The warg struggles against the net.
The warg struggles against the net.
The net rips apart, and the warg comes free!
There is an open door here.
The warg bites you!
Ouch! That really hurt!
You die...

############
#__________#
#__________#
#.#####'############
#_#)))'.'..##.......
#_#)))#.#?(##......#
#######'#####.......
#.h@........'.......
#'#####+#####......#
#.# #....... #.#
####'### #.#
#....... #.#
#....... #.#
#....... #.#
#...<... #.#
#.......


You could see a warg.

Vanquished Creatures
  A hobgoblin (D)
1 creature vanquished.

Vanquished Creatures (others)
  An orc (D)
1 creature vanquished.

Grand Total: 2 creatures vanquished

Notes
Turn   | Place    | Note
--------------------------------------------------------------
     0 | D        | lorenzova, the Merfolk Gladiator, began the quest for the Orb.
     0 | D        | Reached XP level 1. HP: 16/16 MP: 1/1
    49 | D        | Found a sacrificial altar of Ru.
    49 | D        | Found a basalt altar of Yredelemnul.
    49 | D        | Found a shadowy altar of Dithmenos.
    49 | D        | Found a deep blue altar of Sif Muna.
    49 | D        | Found a burning altar of Makhleb.
    49 | D        | Found a shimmering altar of Xom.
    49 | D        | Found an ancient bone altar of Kikubaaqudgha.
    49 | D        | Found a sparkling altar of Nemelex Xobeh.
    50 | D        | Found a glowing golden altar of the Shining One.
    50 | D        | Found a bloodstained altar of Trog.
    50 | D        | Found a shattered altar of Ashenzari.
    50 | D        | Found a white marble altar of Elyvilon.
    50 | D        | Found a snail-covered altar of Cheibriados.
    50 | D        | Found a blossoming altar of Fedhas.
    50 | D        | Found a radiant altar of Vehumet.
    50 | D        | Found a glowing silver altar of Zin.
    50 | D        | Found a corrupted altar of Lugonu.
    50 | D        | Found a viscous altar of Jiyva.
    50 | D        | Found a roughly hewn altar of Beogh.
    50 | D        | Found an iron altar of Okawaru.
    55 | D        | Found a stormy altar of Qazlal.
    55 | D        | Found an opulent altar of Gozag.
    71 | D        | Became a worshipper of Qazlal Stormbringer
    98 | D        | Noticed a warg
   117 | D        | Mangled by a warg

Action                   || total
-------------------------++-------
Melee: Trident           ||     3
Throw: Throwing net      ||     3
